Map: Triton LE

Players

Serral - Winner!

  • Race: Zerg Zerg
  • Spawn Location: 11:00

INnoVation

  • Race: Terran Terran
  • League: Grandmaster
  • Spawn Location: 5:00

Event: NationWars 2019

VOD

Have the link to the VOD?

Description

Time

  • Played on: Dec. 8, 2019, 2:02 p.m.
  • Length: 10:49

All games in this series

Show
View Real Time Build Order
Export as new Build Order

Serral Zerg - Winner!

Build Orders: Hatch First 

Get SALT Encoding   

  12  0:00  Drone  
  13  0:12  Overlord  
  13  0:16  Drone  
  14  0:30  Drone x2  
  16  0:48  Hatchery  
  15  0:51  Drone  
  15  0:54  Drone  
  17  0:58  Drone  
  18  1:08  Extractor  
  18  1:10  Drone  
  18  1:15  Spawning Pool  
  17  1:20  Drone  
  18  1:27  Drone  
  19  1:39  Drone  
  20  1:53  Overlord  
  20  2:02  Queen x2  
  20  2:03  Zergling x4  
  26  2:11  Drone x2  
  26  2:12  Metabolic Boost  
  28  2:22  Drone x2  
  30  2:34  Hatchery  
  30  2:36  Drone  
  30  2:39  Drone  
  31  2:46  Queen  
  33  2:52  Overlord  
  33  2:54  Drone  
  33  2:57  Drone  
  35  2:59  Drone  
  35  3:03  Pneumatized Carapace  
  36  3:10  Drone  
  36  3:11  Drone x2  
  36  3:12  Drone  
  40  3:15  Overlord  
  40  3:19  Drone  
  41  3:20  Drone  
  42  3:27  Queen  
  44  3:35  Drone x2  
  44  3:36  Drone  
  44  3:39  Overlord  
  44  3:41  Drone x2  
  49  3:43  Drone  
  49  3:47  Queen  
  52  3:51  Zergling x4  
  52  3:54  Drone  
  55  3:57  Drone x2  
  55  3:59  Overlord  
  55  4:02  Zergling x2  
  58  4:04  Queen  
  58  4:09  Zergling x4  
  63  4:10  Drone  
  63  4:12  Drone  
  63  4:14  Drone  
  63  4:15  Drone  
  63  4:16  Overlord  
  66  4:19  Overlord  
  66  4:22  Overlord  
  66  4:26  Lair  
  66  4:36  Zergling x2  
  66  4:37  Drone x5  
  70  4:42  Queen  
  70  4:43  Drone x2  
  70  4:44  Roach Warren  
  73  4:47  Zergling x2  
  73  4:49  Extractor, Overlord  
  73  4:50  Drone, Extractor  
  73  4:52  Overlord  
  73  4:53  Drone  
  73  4:55  Drone  
  73  4:58  Zergling x6  
  78  5:06  Drone  
  74  5:09  Drone x2  
  74  5:10  Drone  
  74  5:14  Drone x2  
  73  5:16  Drone x4  
  73  5:18  Drone x2  
  73  5:20  Spore Crawler  
  78  5:21  Spore Crawler  
  78  5:24  Spore Crawler  
  76  5:28  Spire  
  76  5:30  Overseer  
  76  5:32  Drone x3  
  78  5:36  Zergling x4  
  78  5:39  Queen  
  78  5:42  Extractor  
  81  5:44  Overlord  
  81  5:46  Extractor  
  81  5:47  Extractor  
  81  5:48  Evolution Chamber, Roach x2  
  82  5:50  Glial Reconstitution  
  82  5:52  Drone  
  82  5:54  Drone x3  
  82  5:55  Drone  
  87  5:59  Zergling x4  
  87  6:00  Drone x2  
  87  6:02  Drone  
  92  6:09  Hatchery  
  91  6:11  Overlord  
  91  6:17  Drone x2  
  91  6:18  Drone x3  
  92  6:22  Zerg Missile Weapons Level 1  
  92  6:23  Drone  
  94  6:26  Overlord  
  94  6:28  Overlord  
  94  6:29  Drone  
  95  6:33  Drone x3  
  95  6:37  Roach x2  
  95  6:38  Roach  
  102  6:56  Drone x2, Extractor  
  103  7:06  Corruptor x7  
  117  7:08  Corruptor  
  117  7:12  Overlord  
  119  7:19  Corruptor  
  119  7:21  Corruptor  
  123  7:26  Roach x5  
  133  7:30  Overlord x2  
  133  7:33  Overlord  
  133  7:34  Overlord  
  129  7:46  Roach x7  
  143  7:52  Roach x4  
  151  7:58  Ravager  
  151  7:59  Ravager, Overlord x2  
  151  8:02  Roach x3  
  161  8:05  Roach  
  161  8:06  Roach  
  161  8:11  Roach x3  
  169  8:16  Overlord x2  
  164  8:21  Overlord  
  164  8:22  Ravager x4  
  164  8:23  Roach x2  
  164  8:26  Zergling x2  
  164  8:27  Zergling x4  
  175  8:28  Ravager x2  
  175  8:30  Ravager, Zergling x2  
  179  8:35  Zergling x10  
  180  8:42  Roach x4  
  188  8:50  Roach x4  
  192  8:57  Roach x3  
  189  9:07  Roach x6  
  180  9:18  Corruptor x3  
  184  9:24  Corruptor x2  
  184  9:27  Roach x3  
  190  9:33  Zergling x12  
  183  9:40  Ravager  
  183  9:41  Ravager  
  183  9:44  Zergling x10  
  183  9:45  Zergling x12  
  189  9:51  Roach x4  
  184  9:57  Zergling x10  
  182  10:04  Drone  
  183  10:09  Roach x4  
  183  10:10  Hatchery  
  187  10:21  Roach  
  187  10:22  Roach x5, Zergling x2  
  200  10:29  Infestation Pit  
Show
View Real Time Build Order
Export as new Build Order

INnoVation Terran 

Build Orders: Hellion Opening, Reaper Expand, Mech 

Get SALT Encoding   

  12  0:00  SCV  
  13  0:12  SCV  
  14  0:17  Supply Depot  
  14  0:24  SCV  
  15  0:38  SCV, Barracks  
  16  0:43  Refinery  
  16  0:50  SCV  
  17  1:02  SCV  
  18  1:14  SCV  
  19  1:25  Reaper  
  20  1:26  Orbital Command  
  20  1:38  Command Center  
  20  1:49  Supply Depot  
  20  1:52  SCV  
  21  1:57  Marine  
  22  2:04  SCV  
  23  2:08  Factory  
  23  2:16  SCV  
  23  2:19  Barracks Reactor  
  24  2:28  SCV  
  25  2:34  Command Center  
  25  2:40  SCV  
  26  2:50  Orbital Command  
  26  2:53  SCV  
  26  2:57  Starport  
  27  3:00  Refinery  
  27  3:04  Hellion  
  29  3:06  SCV  
  29  3:10  Hellion  
  32  3:16  SCV  
  32  3:18  SCV  
  34  3:26  Hellion  
  36  3:30  SCV x2  
  36  3:32  Hellion  
  39  3:34  Viking  
  41  3:43  SCV x2  
  41  3:45  Orbital Command  
  43  3:54  Fusion Core  
  43  3:55  Hellion x2  
  47  3:57  SCV x2  
  49  4:03  Supply Depot  
  49  4:04  Starport Tech Lab  
  49  4:09  SCV x2  
  51  4:15  Orbital Command  
  51  4:16  Hellion  
  51  4:17  Hellion  
  55  4:21  SCV x2  
  55  4:24  Supply Depot  
  57  4:33  SCV  
  57  4:34  SCV  
  63  4:40  SCV, Supply Depot  
  63  4:44  Hellion x2  
  63  4:45  SCV  
  65  4:46  SCV  
  65  4:47  Refinery x2  
  72  4:52  Battlecruiser  
  72  4:55  SCV  
  72  4:57  SCV  
  72  4:58  SCV  
  75  5:05  Hellion x2  
  73  5:10  SCV x2  
  67  5:18  SCV  
  67  5:19  Factory  
  66  5:22  SCV x2  
  66  5:24  Supply Depot  
  66  5:26  Factory, Hellion  
  66  5:27  Hellion  
  72  5:31  SCV  
  72  5:34  SCV x2  
  73  5:37  Refinery x2  
  73  5:38  Supply Depot  
  73  5:44  SCV  
  73  5:46  SCV x2  
  73  5:48  Hellion x2  
  73  5:49  Supply Depot  
  86  5:57  Battlecruiser  
  86  6:02  SCV x3  
  89  6:04  Factory Tech Lab  
  89  6:09  Factory Tech Lab  
  89  6:11  Supply Depot  
  89  6:14  SCV x3, Weapon Refit, Supply Depot  
  89  6:15  Hellion x2  
  96  6:24  Engineering Bay, Armory  
  96  6:26  SCV x3  
  96  6:27  Armory  
  99  6:36  Siege Tank x2  
  99  6:39  SCV x2  
  108  6:40  SCV  
  108  6:41  Supply Depot  
  108  6:45  Infernal Pre-Igniter, Hellion x2  
  112  6:53  SCV x3  
  113  7:01  Missile Turret  
  113  7:02  Missile Turret  
  113  7:03  Battlecruiser  
  119  7:11  Command Center  
  119  7:16  Siege Tank x2  
  119  7:21  Supply Depot  
  119  7:22  Supply Depot  
  125  7:25  Hellion x2  
  129  7:30  Supply Depot x2  
  129  7:31  SCV x2  
  129  7:32  SCV  
  132  7:39  Terran Vehicle Weapons Level 1  
  132  7:41  Factory, Terran Vehicle And Ship Armor Level 1  
  132  7:42  Factory  
  132  7:47  Barracks Reactor  
  132  7:49  Hellion x2  
  136  7:53  Supply Depot  
  136  7:54  Supply Depot  
  136  8:03  Siege Tank x2  
  142  8:06  Command Center  
  139  8:25  SCV  
  139  8:26  SCV x2  
  142  8:29  Factory Tech Lab  
  142  8:35  Thor x2  
  142  8:37  Refinery  
  142  8:38  SCV x3  
  149  8:41  Refinery  
  149  8:47  Hellion x2  
  149  8:48  Siege Tank, Hellion  
  153  8:53  SCV x2  
  153  8:54  SCV  
  130  8:59  SCV  
  114  9:05  SCV  
  114  9:06  SCV  
  105  9:12  Hellion x4  
  105  9:14  SCV x2  
  97  9:17  SCV  
  97  9:18  Siege Tank  
  97  9:19  Siege Tank  
  97  9:20  Siege Tank  
  92  9:28  SCV x3  
  92  9:30  SCV  
  76  9:40  SCV x2  
  76  9:41  SCV  
  67  9:50  Siege Tank  
  67  9:51  Siege Tank  
  67  9:52  SCV, Siege Tank  
  70  9:53  SCV  
  65  10:03  Planetary Fortress  
  65  10:04  SCV  
  69  10:07  Hellion x2  
  66  10:22  Hellion  
  72  10:28  SCV  
Tags
 
Add a new tag
Caveats
  • Supply blocks, unpowered buildings, or Contaminate may cause inaccurate times.
  • Supply counts are checked every 10 seconds.